 Dungeon Crawl Stone Soup version 0.23.2-33-g5129a83184 (webtiles) character file.

Game seed: 10914241516929654749

38 Kold the Insei (level 3, -2/23 HPs)
             Began as an Octopode Transmuter on July 31, 2019.
             Killed from afar by Natasha (4 damage)
             ... with a magic dart
             ... on level 2 of the Dungeon.
             The game lasted 00:01:09 (1030 turns).

Kold the Insei (Octopode Transmuter)                Turns: 1030, Time: 00:01:10

Health: -2/23      AC:  1    Str: 10    XL:     3   Next: 43%
Magic:  6/6        EV: 13    Int: 15    God:
Gold:   58         SH:  0    Dex: 12    Spells: 5/6 levels left

rFire    . . .     SeeInvis .     - Unarmed
rCold    . . .     Gourm    .   (no shield)
rNeg     . . .     Faith    .   (helmet restricted)
rPois    .         Spirit   .   (no amulet)
rElec    .         Reflect  .   (no ring)
rCorr    .         Harm     .   (no ring)
MR       .....                  (no ring)
Stlth    +++.......             (no ring)
HPRegen  0.07/turn              (no ring)
MPRegen  0.10/turn              (no ring)
                                (no ring)
                                (no ring)

@: appendage
A: almost no armour, stealthy swim, amphibious, 8 rings, constrict 8, tentacle
spike 3, camouflage 1, gelatinous body 1
a: End Transformation


You were on level 2 of the Dungeon.
You were hungry.
One of your tentacles had a temporary spike.
You visited 1 branch of the dungeon, and saw 2 of its levels.

You collected 58 gold pieces.

Inventory:

Missiles
 a - 12 arrows
Jewellery
 b - an uncursed ring of ice
Scrolls
 e - a scroll of identify {unknown}
 g - a scroll of immolation {unknown}
Comestibles
 c - 3 rations


   Skills:
 - Level 1.0 Fighting
 + Level 2.5 Dodging
 + Level 2.0 Stealth
 + Level 3.3 Unarmed Combat
 - Level 2.0 Spellcasting
 + Level 2.5 Transmutations


You had 5 spell levels left.
You knew the following spells:

 Your Spells              Type           Power        Failure   Level  Hunger
a - Beastly Appendage     Tmut           #.....       8%          1    #......

Your spell library contained the following spells:

 Spells                   Type           Power        Failure   Level  Hunger
 Sticks to Snakes         Tmut           #.......     12%         2    ###....
 Spider Form              Tmut/Pois      #.........   36%         3    ###....
 Ice Form                 Ice/Tmut       #.......     78%         4    #####..
 Blade Hands              Tmut           #.........   91%         5    ######.


Dungeon Overview and Level Annotations

Branches:
Dungeon (2/15)

Altars:
Fedhas
Hepliaklqana

Annotations:
D:2 Natasha


Innate Abilities, Weirdness & Mutations

You cannot wear most types of armour.
You are very stealthy in the water. (Stealth+)
You are amphibious.
You can wear up to eight rings at the same time.
You can use your tentacles to constrict eight enemies at once.
Your skin changes colour to match your surroundings (Stealth+).
Your rubbery body absorbs attacks. (AC +1, EV +1)
One of your tentacles bears a large vicious spike.


Message History

You barely miss the white imp.
The white imp is lightly wounded.
You constrict the white imp. The white imp hits you. The white imp freezes you.
You tentacle-slap the white imp.
The white imp is heavily wounded.
You constrict the white imp. The white imp completely misses you.
You tentacle-slap the white imp but do no damage.
You pierce the white imp, but do no damage.
The white imp is severely wounded.
You constrict the white imp.
The crimson imp blinks!
The white imp gestures at you. The puff of frost hits you!
* * * LOW HITPOINT WARNING * * *
The crimson imp misses you.
It was a potion of magic.
Magic courses through your body.
You constrict the white imp.
You kill the white imp!
Natasha casts a spell at you. The magic dart hits you.
You die...

#.# #.# #.....#
#########.######.####.###.#
..........##............#.####
#..)#...#....###.####.#......#
..........#..##...###.###.##.#
#...#...#.#..#.....##.###.##.#
...............§h.###.....##.#
#########.#.####.## ########.#
#......#.# #@# #.# #........#
#5# #.# #####.#### ##'## #.#
#.# ##...## #.# ###.# ##.....##
###.# ##.#.# ##.......## ##.#.#
#####....###.........####....#
...........'.........+.......#
#####....###.........####....##


You could see Natasha and a crimson imp.

Vanquished Creatures
  Natasha (D:2)
  2 dart slugs (D:1)
  A bat (D:1)
  2 hobgoblins (D:1)
  2 frilled lizards
  A goblin (D:1)
  2 kobolds
  2 rats (D:1)
13 creatures vanquished.

Notes
Turn   | Place    | Note
-------+----------+-------------------------------------------
     0 | D:1      | Kold the Octopode Transmuter began the quest for the Orb.
     0 | D:1      | Reached XP level 1. HP: 13/13 MP: 3/3
   189 | D:1      | Reached skill level 1 in Stealth
   189 | D:1      | Reached XP level 2. HP: 18/18 MP: 3/5
   863 | D:2      | Found a blossoming altar of Fedhas.
   917 | D:2      | Found a hazy altar of Hepliaklqana.
   946 | D:2      | Noticed Natasha
   952 | D:2      | Killed Natasha
   952 | D:2      | Reached XP level 3. HP: 20/23 MP: 4/6
  1020 | D:2      | Noticed Natasha
  1030 | D:2      | Killed from afar by Natasha

Skill      XL: |  1  2 |
---------------+-------+-----
Stealth        | 1 2 |  2.0
Fighting       | |  1.0
Dodging        | |  2.5
Unarmed Combat | |  3.3
Spellcasting   | |  2.0
Transmutations | |  2.5

Action                   || total
-------------------------++-------
Melee: Unarmed           ||    27
       Constrict         ||     9
       Kick              ||     8
       Tentacles         ||     4
 Cast: Beastly Appendage ||    14
  Use: Potion            ||     1
 Stab: Sleeping          ||     5
Armor: Skin              ||     1
Dodge: Dodged            ||    13
